 Dungeon Crawl Stone Soup version 0.18.1-48-g4cf74bf (webtiles) character file.

64 Heedrag the Conjurer (level 3, -2/19 HPs)
             Began as a Deep Elf Conjurer on Aug 23, 2016.
             Slain by a sky beast (6 damage)
             ... on level 4 of the Dungeon.
             The game lasted 00:03:13 (1625 turns).

Heedrag the Conjurer (Deep Elf Conjurer)            Turns: 1625, Time: 00:03:14

Health: -2/19      AC:  9    Str:  6    XL:     3   Next: 91%
Magic:  4/10       EV: 13    Int: 19    God:
Gold:   89         SH:  0    Dex: 15    Spells: 1 memorised, 9 levels left

rFire  . . .     SeeInvis .     f - +0 dagger (protect)
rCold  . . .     Gourm    .     l - +1 robe {rN+}
rNeg   + . .     Faith    .     (no shield)
rPois  .         Spirit   .     n - +0 helmet
rElec  .         Dismiss  .     (no cloak)
rCorr  .         Reflect  .     (no gloves)
SustAt .         Harm     .     (no boots)
MR     .....                    d - amulet of regeneration
Stlth  ++........               (no ring)
                                (no ring)

@: not resistant to hostile enchantments, unstealthy
A: no striking features
a: no special abilities


You were on level 4 of the Dungeon.
You were not hungry.

You visited 1 branch of the dungeon, and saw 4 of its levels.

You collected 89 gold pieces.

Inventory:

Hand Weapons
 f - a +0 dagger of protection (weapon)
 j - a +0 spear
Armour
 l - a +1 robe of positive energy (worn)
 n - a +0 helmet (worn)
Jewellery
 d - an amulet of regeneration (around neck)
Scrolls
 e - 4 scrolls of identify {unknown}
 g - 2 scrolls of magic mapping {unknown}
 h - a scroll of fog {unknown}
 k - a scroll of random uselessness {unknown}
 m - a scroll of immolation {unknown}
 q - a scroll of noise {unknown}
Potions
 a - 2 potions of haste {unknown}
 i - a potion of lignification {unknown}
 o - a potion of invisibility {unknown}
 r - 2 potions of flight {unknown}
Books
 b - a book of Conjurations

   Spells                             Type                      Level
   a - Magic Dart                     Conjuration                  1
   b - Searing Ray                    Conjuration                  2
   c - Dazzling Spray                 Conjuration/Hexes            3
   d - Fulminant Prism                Conjuration/Hexes            4
   e - Iskenderun's Mystic Blast      Conjuration                  4
   f - Iskenderun's Battlesphere      Conjuration/Charms           5
Comestibles
 c - 2 bread rations
 p - 4 chunks of flesh


   Skills:
 - Level 2.4 Dodging
 - Level 2.4 Stealth
 + Level 4.3 Spellcasting
 * Level 5.4 Conjurations


You had 9 spell levels left.
You knew the following spells:

 Your Spells              Type           Power        Failure   Level  Hunger
a - Magic Dart            Conj           ###.         1%          1    None


Dungeon Overview and Level Annotations

Branches:
Dungeon (4/15)
 Temple: D:4-7

Altars:

Annotations:
D:2 Robin
D:4 attackplan's ghost, amateur HOFi


Message History

Tha sky beast hits ye but does nay damage.
Castin': Magic Dart Confirm wit' . or Enter, or press ? or * ta list all spells.
Aimin': Magic Dart
Press: ? - help, Shift-Dir - straight line, f/p - phantom
Aim: a phantom Tha magic dart hits tha sky beast.
Tha sky beast be heavily wounded.
Tha sky beast hits ye.
Tha sky beast shocks ye.
Castin': Magic Dart Confirm wit' . or Enter, or press ? or * ta list all spells.
Aimin': Magic Dart
Press: ? - help, Shift-Dir - straight line, f/p - phantom
Aim: a phantom Tha magic dart hits tha sky beast.
Tha sky beast be severely wounded.
Tha sky beast hits ye.
* * * LOW HITPOINT WARNIN'
* * * Tha sky beast shocks ye.
Ye die...

#... #..# #. #..####..
#........ .#.....#.#
###.#........ #..
#W#.....#
#.###Y..#...#
#..)[@.......
######.........#
##.###<...#.###......
......................
.##.######>#.########.
.................).
...................
#########.#.#...##.
#.#.#.#.#


You could see a phantom and a sky beast.

Vanquished Creatures
  2 dart slugs
  3 giant geckos
  7 orcs
  5 bats
  5 giant cockroaches (D:1)
  9 goblins
  3 hobgoblins
  3 jackals (D:1)
  2 giant newts (D:1)
  7 kobolds (D:1)
46 creatures vanquished.

Notes
Turn   | Place    | Note
--------------------------------------------------------------
     0 | D:1      | Heedrag the Deep Elf Conjurer began the quest for the Orb.
     0 | D:1      | Reached XP level 1. HP: 10/10 MP: 6/6
   213 | D:1      | Reached XP level 2. HP: 15/15 MP: 6/8
   663 | D:1      | Reached skill level 5 in Conjurations
   886 | D:1      | Reached XP level 3. HP: 19/19 MP: 7/10
  1170 | D:2      | Found a faded altar to an unknown god.
  1275 | D:2      | Noticed Robin
  1530 | D:4      | Noticed attackplan's ghost (amateur HOFi)
  1615 | D:4      | Noticed a sky beast
  1617 | D:4      | Noticed a phantom
  1625 | D:4      | Slain by a sky beast

Skill      XL: |  1  2  3 |
---------------+----------+-----
Conjurations   | 5 |  5.4
Spellcasting   | 4 |  4.3
Dodging        | |  2.4
Stealth        | |  2.4

Action                   || total
-------------------------++-------
Melee: Dagger            ||     2
 Cast: Magic Dart        ||    96
 Stab: Sleeping          ||     1
  Eat: Chunk             ||     2
Armor: Robe              ||     6
Dodge: Dodged            ||     3
